 Dungeon Crawl Stone Soup version 0.28.0-45-g0d030f2227 (webtiles) character file.

Game seed: 1314833792280449578

227 nickcage the Firebug (level 5, -2/28 HPs)
             Began as a Deep Elf Fire Elementalist on Apr 4, 2022.
             Slain by Edmund
             ... wielding a +1 flail of holy wrath
              (9 damage)
             ... on level 4 of the Dungeon.
             The game lasted 00:08:01 (4112 turns).

nickcage the Firebug (Deep Elf Fire Elementalist)   Turns: 4112, Time: 00:08:02

Health: -2/28      AC:  6    Str:  5    XL:     5   Next: 70%
Magic:  1/11       EV: 12    Int: 22    God:
Gold:   149        SH:  0    Dex: 15    Spells: 3/10 levels left

rFire   . . .      SeeInvis .   n - +2 dagger (speed)
rCold   . . .      Faith    .   (no shield)
rNeg    . . .      Spirit   .   a - +0 robe
rPois   .          Reflect  .   (no helmet)
rElec   .          Harm     .   l - +0 cloak
rCorr   .          Rampage  .   (no gloves)
Will    .....                   d - +2 pair of boots
Stlth   ++........              (no amulet)
HPRegen 0.09/turn               (no ring)
MPRegen 0.12/turn               (no ring)

@: no status effects
A: no striking features
a: no special abilities


You were on level 4 of the Dungeon.
You visited 1 branch of the dungeon, and saw 4 of its levels.

You collected 149 gold pieces.

Inventory:

Hand Weapons
 c - a +0 short sword
 i - a +0 dagger of holy wrath
 j - a +2 dagger of freezing
 n - a +2 dagger of speed (weapon)
Armour
 a - a +0 robe (worn)
 d - a +2 pair of boots (worn)
 l - a +0 cloak (worn)
Jewellery
 m - a ring of see invisible
Scrolls
 b - a scroll of enchant armour {unknown}
 f - 2 scrolls of teleportation {unknown}
 g - a scroll of identify {unknown}
 o - a scroll of fog {unknown}
 p - a scroll of fear {unknown}
 q - a scroll of blinking {unknown}
Potions
 e - a potion of haste {unknown}
 h - a potion of curing {unknown}
 k - 2 potions of mutation {unknown}
 r - a potion of lignification {unknown}


   Skills:
 - Level 0.5 Short Blades
 - Level 2.4 Dodging
 - Level 2.4 Stealth
 + Level 3.0 Spellcasting
 + Level 1.1 Conjurations
 + Level 7.0 Fire Magic


You had 3 spell levels left.
You knew the following spells:

 Your Spells              Type           Power      Damage    Failure   Level
a - Foxfire               Conj/Fire      84%        2x1d8     2%          1
b - Scorch                Fire           68%        2d8       1%          2
c - Flame Wave            Conj/Fire      21%        2d7       22%         4

Your spell library contained the following spells:

 Spells                   Type           Power      Damage    Failure   Level
 Conjure Flame            Conj/Fire      21%        6-21      7%          3
 Inner Flame              Hex/Fire       18%        N/A       9%          3
 Animate Skeleton         Necr           6%         N/A       12%         1
 Pain                     Necr           12%        1d4       12%         1
 Ignite Poison            Fire/Tmut/Pois 13%        N/A       14%         3
 Dazzling Flash           Conj/Hex       10%        N/A       30%         3
 Mephitic Cloud           Conj/Pois/Air  4%         N/A       32%         3
 Vampiric Draining        Necr           3%         2d6       36%         3
 Freezing Cloud           Conj/Ice/Air   2%         6-21      96%         5
 Agony                    Necr           3%         N/A       98%         5
 Silence                  Hex/Air        1%         N/A       98%         5


Dungeon Overview and Level Annotations

Branches:
Dungeon (4/15)
 Temple: D:4-7

Altars:

Annotations:
D:3 1 runed translucent door, issech's ghost, amateur TrMo
D:4 Dowan; Duvessa; Edmund


Message History

There is a stone staircase leading down here.
You start resting.
HP restored.
You start resting.
Magic restored.
There is a stone staircase leading down here.
You climb downwards.
Level annotation: Dowan; Duvessa
Found a pink potion.
There is a stone staircase leading up here.
r - a pink potion
Found 48 stones.
Edmund the Younger comes into view.
He is wielding a +1 flail of holy wrath.
Found a stone staircase leading up.
You can't see any susceptible monsters within range! (Use Z to cast anyway.) Edmund shouts!
You see here a +4 ring of protection.
Flames lash Edmund.
Edmund is moderately wounded.
Edmund's fire resistance burns away.
A kobold comes into view. It is wielding a +0 club.
Flames lash Edmund.
Edmund is burned terribly!
Edmund is moderately wounded.
The kobold shouts!
Flames lash Edmund.
Edmund is burned terribly!
Edmund is heavily wounded.
Edmund hits you with a +1 flail of holy wrath!
Flames lash Edmund.
Edmund is burned terribly!
Edmund is severely wounded.
Edmund barely misses you.
Flames lash Edmund.
Edmund is burned terribly!
Edmund is almost dead.
Edmund hits you with a +1 flail of holy wrath!
* * * LOW HITPOINT WARNING * * *
You are too injured to fight recklessly!
You hit Edmund but do no damage.
Edmund is almost dead.
Edmund says, "I'm quite good with sums, too."
Edmund hits you with a +1 flail of holy wrath!
You die...

##.........#
..<.......#
......(..
....(..
...$. .K$
#@# ### #@#
..####.##
#.#.....#
#.#.....#
#.......#
###.....#
#.....#
#.....#
#<....#


You could see Edmund (combustible) and a kobold.

Vanquished Creatures
  A scorpion (D:3)
  An iguana (D:4)
  7 adders
  3 dart slugs
  An orc (D:3)
  2 endoplasms (D:1)
  2 giant cockroaches
  12 goblins
  8 hobgoblins
  3 jackals (D:2)
  7 ball pythons
  7 bats
  A frilled lizard (D:2)
  6 kobolds
  7 rats
68 creatures vanquished.

Vanquished Creatures (others)
  10 foxfires (D:1)
  3 plants (D:1)
13 creatures vanquished.

Grand Total: 81 creatures vanquished

Notes
Turn   | Place    | Note
-------+----------+-------------------------------------------
     0 | D:1      | nickcage the Deep Elf Fire Elementalist began the quest for
                  | the Orb.
     0 | D:1      | Reached XP level 1. HP: 10/10 MP: 6/6
   211 | D:1      | Reached skill level 4 in Fire Magic
   211 | D:1      | Reached XP level 2. HP: 15/15 MP: 4/8
   214 | D:1      | Learned a level 2 spell: Scorch
   371 | D:1      | Found a faded altar of an unknown god.
   964 | D:2      | Reached XP level 3. HP: 19/19 MP: 4/9
  1515 | D:2      | Reached skill level 5 in Fire Magic
  2002 | D:2      | Reached XP level 4. HP: 24/24 MP: 7/10
  2512 | D:2      | Learned a level 4 spell: Flame Wave
  2950 | D:3      | Noticed a scorpion
  2955 | D:3      | Killed a scorpion
  2956 | D:3      | Reached skill level 6 in Fire Magic
  2956 | D:3      | Reached XP level 5. HP: 28/28 MP: 6/11
  3299 | D:3      | Found a runed translucent door.
  3300 | D:3      | Noticed issech's ghost (amateur TrMo)
  3300 | D:3      | Noticed a phantom
  3799 | D:4      | Reached skill level 7 in Fire Magic
  3964 | D:4      | Noticed Duvessa
  3966 | D:4      | Noticed Dowan
  4105 | D:4      | Noticed Edmund
  4112 | D:4      | Slain by Edmund

Illustrated notes

Levels and vault maps discovered:
D:1:      mrwooster_arrival_statue, layout_basic, serial_bayou,
          serial_bayou_shore_b, serial_bayou_shore_b, serial_bayou_ford_a,
          serial_bayou_pond_e, dreamdust_ecumenical_altar_angels_and_demons
D:2:      kennysheep_the_goblin_king, layout_loops_ring,
          serial_co_window_serial, co_window_paths_a, co_window_cross_1,
          co_window_paths_a, co_window_paths_a, co_window_of_opportunity_a,
          co_window_corner_a, co_window_paths_a, co_window_corner_a,
          co_window_of_opportunity_a, co_window_broadway_a, co_window_2corner,
          co_window_unsneaky_path_e, co_window_corner_b, co_window_sun,
          co_window_paths_d, glass_columns_a, glass_columns_b, glass_columns_a,
          glass_columns_c, st_stairs_9, corexii_shack
D:3:      layout_basic, ebering_ghost_inner_flame, hex_intersection,
          corner_web_ring
D:4:      layout_rooms, uniq_edmund, uniq_duvessa

Skill      XL: |  1  2  3  4  5 |
---------------+----------------+-----
Fire Magic     | 4 5 6 7 |  7.0
Short Blades   | |  0.5
Dodging        | |  2.4
Stealth        | |  2.4
Spellcasting   | |  3.0
Conjurations   | |  1.1

Action                   |  1- 3 |  4- 6 || total
-------------------------+-------+-------++-------
Melee: Short sword       |     8 |       ||     8
       Dagger            |     4 |    15 ||    19
 Cast: Foxfire           |     7 |       ||     7
       Scorch            |    32 |    46 ||    78
 Stab: Sleeping          |     3 |     2 ||     5
       Distracted        |     1 |       ||     1
Armor: Robe              |       |     3 ||     3
Dodge: Dodged            |    14 |    14 ||    28
